 Dungeon Crawl Stone Soup version 0.30.1-11-g7821555f0a (webtiles) character file.

Game seed: 2959828016617559971

72 monsoonserge the Grasshopper (level 4, -5/34 HPs)
             Began as a Demonspawn Warper on Dec 7, 2023.
             Killed from afar by an orc wizard (11 damage)
             ... with a puff of flame
             ... on level 3 of the Dungeon.
             The game lasted 00:04:34 (2231 turns).

monsoonserge the Grasshopper (Demonspawn Warper)    Turns: 2231, Time: 00:04:36

Health: -5/34      AC:  3    Str: 12    XL:     4   Next: 7%
Magic:  7/7        EV: 11    Int: 16    God:
Gold:   58         SH:  3    Dex: 12    Spells: 5/7 levels left

rFire   . . .        a - +0 falchion
rCold   . . .        o - +0 buckler
rNeg    . . .        b - +0 leather armour
rPois   .            (no helmet)
rElec   .            (no cloak)
rCorr   .            (no gloves)
SInv    .            (no boots)
Will    +....        (no amulet)
Stlth   +            s - ring of willpower
HPRegen 0.25/turn    (no ring)
MPRegen 0.10/turn

%: no passive effects
@: no status effects
A: demonic guardian 2
a: no special abilities


You were on level 3 of the Dungeon.
You visited 1 branch of the dungeon, and saw 3 of its levels.

You collected 58 gold pieces.

Inventory:

Hand Weapons
 a - a +0 falchion (weapon)
 f - a +0 short sword
Missiles
 c - 2 poisoned darts (quivered)
 d - 7 boomerangs of dispersal
 g - 2 atropa-tipped darts
Armour
 b - a +0 leather armour (worn)
 n - a +0 plate armour
 o - a +0 buckler (worn)
Jewellery
 s - a ring of willpower (left hand)
Scrolls
 e - a scroll of vulnerability {unknown}
 i - a scroll of fog {unknown}
 j - a scroll of identify {unknown}
 k - a scroll of acquirement {unknown}
 l - a scroll of enchant weapon {unknown}
 p - 2 scrolls of blinking
 q - 3 scrolls of teleportation {unknown}
Potions
 h - a potion of berserk rage {unknown}
 m - a potion of degeneration {unknown}
 r - a potion of brilliance {unknown}


   Skills:
 + Level 2.4 Fighting
 - Level 2.0 Long Blades
 + Level 0.8 Throwing
 + Level 1.9 Armour
 + Level 2.5 Dodging
 - Level 2.0 Spellcasting
 * Level 3.2 Translocations


You had 5 spell levels left.
You knew the following spells:

 Your Spells              Type           Power      Damage    Failure   Level
a - Blink                 Tloc           24%        N/A       16%         2

Your spell library contained the following spells:

 Spells                   Type           Power      Damage    Failure   Level
 Lesser Beckoning         Tloc           24%        N/A       16%         2
 Teleport Other           Tloc           12%        N/A       30%         3
 Vhi's Electric Charge    Tloc/Air       12%        N/A       52%         3
 Manifold Assault         Tloc           12%        N/A       69%         4


Dungeon Overview and Level Annotations

Branches:
Dungeon (3/15)

Altars:


Innate Abilities, Weirdness & Mutations

A demonic guardian rushes to your aid.


Message History

An orc comes into view.
It is wielding a +0 morningstar and wearing a +2 leather armour of poison resistance.
The orc wizard gestures wildly while chanting.
The orc wizard flickers and vanishes!
Deactivating autopickup; reactivate with Ctrl-A.
Something hits you but does no damage. The orc barely misses you.
An orc wizard comes into view. It is wielding a +0 dagger.
Your iron imp hits the orc but does no damage.
The orc barely misses you. Something hits you.
Your iron imp closely misses the orc.
You block the orc's attack.
You closely miss the orc.
Your iron imp hits the orc.
Something hits you.
The orc wizard mumbles some strange words.
The orc wizard flickers and vanishes!
The orc hits you with a +0 morningstar.
You barely miss the orc.
The orc is severely wounded.
An orc comes into view. It is wielding a +0 short sword.
Your iron imp barely misses the orc.
Something hits you.
* * * LOW HITPOINT WARNING * * *
A demonic guardian appears!
You block the orc's attack.
Unknown command.
You completely miss the orc.
The orc is severely wounded.
Something hits you.
* * * LOW HITPOINT WARNING * * *
The orc barely misses you. Something hits you.
* * * LOW HITPOINT WARNING * * *
Your iron imp hits the orc.
The orc dies!
You swap places.
Your iron imp disappears in a puff of smoke!
Something barely misses your hellwing.
Your hellwing barely misses something.
Your hellwing closely misses something.
Something hits your hellwing but does no damage.
Something hits you but does no damage.
You hit something. Something hits you.
* * * LOW HITPOINT WARNING * * *
Something closely misses your hellwing.
You hear some strange, mumbled words.
A puff of flame appears from out of thin air!
The puff of flame hits you!
You die...

#..####
#####.....#
.........#
..####(....#.#
#####
#...........#
#.... #..o....###
. #.###
##.).§..#.## ..
#.#
###....4.....#..#
#.#
#......{@......#
#.#
#.#..........###
#.#
#........†.#.#
#.#
##..#....<##.#
#.# #..##...###.#
#.#
#..###.####.####
#.###
#.......)......#
#....
##.###.####.##.#
#..## #.#
#.##.#####..#


You could see an orc and a friendly hellwing (summoned).

Vanquished Creatures
  An adder (D:3)
  3 dart slugs
  5 bats
  2 endoplasms (D:1)
  6 goblins
  4 hobgoblins
  3 jackals (D:1)
  7 kobolds
  A quokka (D:2)
  3 ball pythons
  4 rats
39 creatures vanquished.

Vanquished Creatures (collateral kills)
  An adder (D:2)
  A worm (D:3)
  An orc (D:3)
  A giant cockroach (D:1)
4 creatures vanquished.

Grand Total: 43 creatures vanquished

Notes
Turn   | Place    | Note
-------+----------+-------------------------------------------
     0 | D:1      | monsoonserge the Demonspawn Warper began the quest for the
                  | Orb.
     0 | D:1      | Reached XP level 1. HP: 16/16 MP: 3/3
   102 | D:1      | Gained mutation: A weak demonic guardian rushes to your
                  | aid. [demonic ancestry]
   102 | D:1      | Reached XP level 2. HP: 1/22 MP: 5/5
   102 | D:1      | HP: 1/22 [giant cockroach (1)]
   215 | D:1      | Found a faded altar of an unknown god.
   219 | D:1      | Learned a level 2 spell: Blink
   330 | D:1      | Reached skill level 3 in Translocations
   449 | D:1      | Reached skill level 1 in Armour
  1062 | D:2      | Reached XP level 3. HP: 20/27 MP: 6/6
  2218 | D:3      | Gained mutation: A demonic guardian rushes to your aid.
                  | [demonic ancestry]
  2218 | D:3      | Reached XP level 4. HP: 18/34 MP: 7/7
  2231 | D:3      | Killed from afar by an orc wizard

Illustrated notes

Levels and vault maps discovered:
D:1:      lightli_arrival_maybe_door_vault, layout_basic,
          shapermc_ecumenical_altar_starsandcircs, st_stairs_13
D:2:      layout_loops_corners
D:3:      layout_loops_ring, old_standard_altar, grunt_dithmenos_smoke,
          overflow_temple_1_default, uniq_crazy_yiuf_cottage

Skill      XL: |  1  2  3 |
---------------+----------+-----
Dodging        | 2 |  2.5
Translocations | 3 |  3.2
Armour         | 1 |  1.9
Long Blades    | 2 |  2.0
Fighting       | |  2.4
Throwing       | |  0.8
Spellcasting   | |  2.0

Action                     |  1- 3 |  4- 6 || total
---------------------------+-------+-------++-------
  Melee: Falchion          |   130 |     4 ||   134
 Armour: Leather armour    |    47 |     2 ||    49
  Dodge: Dodged            |    91 |     3 ||    94
  Block: Buckler           |    13 |     2 ||    15
